 Dungeon Crawl Stone Soup version 0.30-a0-141-g30f27751c5 (webtiles) character file.

Game seed: 4429064894212672523

67 qw the Chopper (level 4, -3/28 HPs)
             Began as a Gargoyle Fighter on Sept 25, 2022.
             Killed from afar by Natasha (5 damage)
             ... with a magic dart
             ... on level 3 of the Dungeon.
             The game lasted 00:00:52 (2114 turns).

qw the Chopper (Gargoyle Fighter)                   Turns: 2114, Time: 00:00:52

Health: -3/28      AC: 12    Str: 23    XL:     4   Next: 18%
Magic:  4/4        EV:  8    Int:  9    God:
Gold:   45         SH: 11    Dex: 12    Spells: 3/3 levels left

rFire   . . .      SeeInvis .    Y - +0 war axe
rCold   . . .      Faith    .    b - +3 kite shield "Leeme" {Str+2}
rNeg    + . .      Spirit   .    m - +1 ring mail "Wipn" {Dex+3}
rPois   inf        Reflect  .    e - +0 helmet
rElec   +          Harm     .    (no cloak)
rCorr   .          Rampage  .    g - +0 pair of gloves
Will    .....                    (no boots)
Stlth   +.........               (no amulet)
HPRegen 0.09/turn                (no ring)
MPRegen 0.09/turn                (no ring)

@: slowed, very slow
A: sickness immunity, AC +3, negative energy resistance 1, electricity
resistance, torment resistance 1, petrification resistance
a: no special abilities


You were on level 3 of the Dungeon.
You visited 1 branch of the dungeon, and saw 3 of its levels.

You collected 45 gold pieces.


Innate Abilities, Weirdness & Mutations

You are immune to sickness and miasma.
Your stone body is resilient. (AC +3)
You are immune to poison.
You resist negative energy. (rN+)
You are resistant to electric shocks. (rElec)
You are resistant to unholy torment.
You are immune to petrification.


   Skills:
 - Level 3.2 Fighting
 - Level 3.9 Axes
 - Level 3.2 Armour
 + Level 3.3 Shields


You had 3 spell levels left.
You didn't know any spells.
Your spell library was empty.

Inventory:

Hand Weapons
 a - a +0 flail
 Y - a +0 war axe (weapon)
Armour
 b - the +3 kite shield "Leeme" (worn) {Str+2}
   (You acquired it on level 2 of the Dungeon)

   Str:       It affects your strength (+2).
 e - a +0 helmet (worn)
 g - a +0 pair of gloves (worn)
 m - the +1 ring mail "Wipn" (worn) {Dex+3}
   (You found it on level 2 of the Dungeon)

   Dex:       It affects your dexterity (+3).
 o - a +2 ring mail of poison resistance
 p - a +0 chain mail
Potions
 c - a potion of attraction {unknown}
 d - a potion of might
 f - a potion of curing
 h - a potion of heal wounds {unknown}
 i - 2 potions of flight {unknown}
 j - a potion of berserk rage {unknown}
 k - a potion of resistance {unknown}
 l - a potion of magic {unknown}
 n - 2 potions of brilliance {unknown}

Dungeon Overview and Level Annotations

Branches:
Dungeon (3/15)

Altars:

Annotations:
D:3 Natasha


Message History

Natasha zaps a wand.
The puff of flame hits you. You block Natasha's attack.
You barely miss Natasha.
Natasha is moderately wounded.
Natasha claws you but does no damage.
Natasha howls an incantation.
Natasha glows brightly for a moment.
You block Natasha's attack.
Natasha stares at you and mumbles some strange words.
The magic dart hits you but does no damage.
You barely miss Natasha.
Natasha is moderately wounded.
Natasha mumbles some strange words.
Natasha glows brightly for a moment.
Natasha claws you but does no damage.
Natasha hisses.
Natasha barely misses you.
You closely miss Natasha.
Natasha is moderately wounded.
Natasha zaps a wand.
The puff of flame hits you.
Natasha mumbles some strange words.
You closely miss Natasha.
Natasha is moderately wounded.
You closely miss the crimson imp. Natasha closely misses you.
The crimson imp hits you.
Natasha zaps a wand.
The puff of flame hits you! You block the crimson imp's attack.
You barely miss Natasha.
Natasha is moderately wounded.
You barely miss the crimson imp.
The shadow imp disappears in a puff of smoke!
Natasha claws you but does no damage.
The crimson imp blinks!
Natasha claws you but does no damage.
The crimson imp shouts, "Quail, thou warped limp-willed skainsmate!"
The crimson imp blinks!
You block Natasha's attack.
You slash Natasha!
Natasha is severely wounded.
The crimson imp blinks!
You block Natasha's attack.
The crimson imp hits you but does no damage.
Natasha stares at you and mumbles some strange words.
The magic dart hits you.
You die...

. ....../...#
#.........#
#.######.##
.........#
##.######.#
#.# #.#
#######.#
#.####.h......
#.....@###
####...5.#
#.....#
#..ยค.....
#.....####
#.....#
#.##### #.#
#.#


You could see Natasha and a crimson imp (summoned).

Vanquished Creatures
  2 adders (D:2)
  4 orcs (D:2)
  4 endoplasms
  5 hobgoblins
  5 jackals (D:1)
  A quokka (D:1)
  2 ball pythons (D:2)
  3 bats (D:2)
  2 frilled lizards
  5 goblins
  4 kobolds (D:2)
  4 rats
41 creatures vanquished.

Notes
Turn   | Place    | Note
-------+----------+-------------------------------------------
     0 | D:1      | qw the Gargoyle Fighter began the quest for the Orb.
     0 | D:1      | Reached XP level 1. HP: 14/14 MP: 1/1
     0 | D:1      | 0 ||| qw: Version: 0.2-a-10-g399e6c4
     0 | D:1      | 0 ||| qw: Game counter: 389
     0 | D:1      | 0 ||| qw: Always use a shield: true
     0 | D:1      | 0 ||| qw: God list: Okawaru
     0 | D:1      | 0 ||| qw: Allow faded altars: false
     0 | D:1      | 0 ||| qw: Do Orc after D:15 true
     0 | D:1      | 0 ||| qw: Do second Lair branch before Depths: true
     0 | D:1      | 0 ||| qw: Lair rune preference: random
     0 | D:1      | 0 ||| qw: Plans: Normal, Zot:1-4, God:TSO, Crypt, Tomb,
                  | Pan, Slime:5, Hells, Abyss, Orb
     0 | D:1      | 0 ||| PLANNING D:1-11
   287 | D:1      | Reached XP level 2. HP: 18/19 MP: 2/2
   953 | D:1      | 953 ||| UPGRADING to +0 helmet.
   958 | D:1      | 958 ||| READING scroll labelled SUTWO SAFUILYFI.
   959 | D:1      | 959 ||| READING scroll labelled ZIEHUE PALAN.
   960 | D:1      | 960 ||| READING scroll labelled SAETEI TILIAN.
   961 | D:1      | 961 ||| DRINKING 2 glowing amethyst potions.
  1015 | D:2      | Reached skill level 3 in Axes
  1025 | D:2      | Reached XP level 3. HP: 14/23 MP: 3/3
  1168 | D:2      | 1168 ||| Stepping ~*~*~tactically~*~*~ (stealth).
  1184 | D:2      | 1184 ||| DROPPING +0 whip.
  1194 | D:2      | Found a faded altar of an unknown god.
  1288 | D:2      | 1288 ||| Stepping ~*~*~tactically~*~*~ (stealth).
  1559 | D:2      | Reached XP level 4. HP: 15/28 MP: 4/4
  1842 | D:2      | Identified the +1 ring mail "Wipn" {Dex+3}
  1938 | D:2      | 1938 ||| UPGRADING to +0 pair of gloves.
  1943 | D:2      | 1943 ||| UPGRADING to +1 ring mail "Wipn" {Dex+3}.
  1953 | D:2      | 1953 ||| DROPPING +0 scale mail.
  1954 | D:2      | 1954 ||| READING scroll labelled TIUBRAEGIW.
  1955 | D:2      | 1955 ||| READING scroll labelled RAODGH BUOZYDIJ.
  1955 | D:2      | Identified a scroll of acquirement
  1955 | D:2      | 1955 ||| ACQUIRING +3 kite shield "Leeme" {Str+2}
  1955 | D:2      | Acquired the +3 kite shield "Leeme" {Str+2}
  1957 | D:2      | 1957 ||| UPGRADING to +3 kite shield "Leeme" {Str+2}.
  1967 | D:2      | 1967 ||| DROPPING +0 buckler.
  2099 | D:3      | Noticed Natasha
  2100 | D:3      | 2100 ||| Stepping ~*~*~tactically~*~*~ (hiding).
  2112 | D:3      | HP: 2/28 [Natasha/puff of flame (7)]
  2114 | D:3      | Killed from afar by Natasha

Levels and vault maps discovered:
D:1:      minmay_arrival_four_houses, layout_basic
D:2:      layout_basic, hellmonk_ecumenical_altar_defaced_shrine
D:3:      layout_loops_ring, uniq_natasha, uniq_crazy_yiuf_cottage, uniq_grinder

Skill      XL: |  1  2 |
---------------+-------+-----
Axes           | 2 3 |  3.9
Fighting       | |  3.2
Armour         | |  3.2
Shields        | |  3.3

Action                   |  1- 3 |  4- 6 || total
-------------------------+-------+-------++-------
Melee: War axe           |   144 |    32 ||   176
  Use: Scroll            |     3 |     2 ||     5
       Potion            |     1 |       ||     1
Armor: Scale mail        |    87 |     4 ||    91
       Ring mail         |       |    10 ||    10
Dodge: Dodged            |    62 |     9 ||    71
Block: Buckler           |    36 |     1 ||    37
       Kite shield       |       |    12 ||    12

Table legend:
 A = Non-vault XP
 B = Vault XP
 C = Vault XP percentage of total XP
 D = Non-vault monster count
 E = Vault monster count
 F = Vault count percentage of total count
                 A         B        C        D         E       F
            +---------+---------+-------+---------+---------+-------
      Total |      85 |      12 |  12.4 |      37 |       4 |   9.8
            +---------+---------+-------+---------+---------+-------
        D:1 |      28 |       0 |   0.0 |      16 |       0 |   0.0
        D:2 |      52 |      12 |  18.8 |      18 |       4 |  18.2
        D:3 |       5 |       0 |   0.0 |       3 |       0 |   0.0
            +---------+---------+-------+---------+---------+-------
